 Dungeon Crawl Stone Soup version 0.30-a0-782-ge64f9170bb (webtiles) character file.

Game seed: 10792390855423372095

46 kae the Firebug (level 3, 0/19 HPs)
             Began as a Tengu Fire Elementalist on Feb 27, 2023.
             Succumbed to an adder's poison
             ... on level 2 of the Dungeon.
             The game lasted 00:01:15 (1354 turns).

kae the Firebug (Tengu Fire Elementalist)           Turns: 1354, Time: 00:01:16

Health: 0/19       AC:  2    Str:  7 (8)  XL:     3   Next: 66%
Magic:  1/7        EV: 12    Int: 14 (17) God:
Gold:   57         SH:  0    Dex: 11 (14) Spells: 0/6 levels left

rFire   . . .      SeeInvis .    (no weapon)
rCold   . . .      Faith    .    (no shield)
rNeg    . . .      Spirit   .    a - +0 robe
rPois   .          Reflect  .    (helmet restricted)
rElec   .          Harm     .    (no cloak)
rCorr   .          Rampage  .    (no gloves)
Will    .....                    (boots unavailable)
Stlth   ++                       (no amulet)
HPRegen 0.23/turn                (no ring)
MPRegen 0.10/turn                (no ring)

@: lethally poisoned (0 -> -1)
A: beak, talons 3
a: no special abilities


You were on level 2 of the Dungeon.
You visited 1 branch of the dungeon, and saw 2 of its levels.

You collected 57 gold pieces.


Innate Abilities, Weirdness & Mutations

You have a beak for a mouth.
You have claws for feet.


   Skills:
 - Level 2.1 Dodging
 - Level 2.0 Stealth
 + Level 2.3 Spellcasting
 * Level 3.0 Conjurations
 * Level 4.0 Fire Magic


You couldn't memorise any spells.
You knew the following spells:

 Your Spells              Type           Power      Damage    Failure   Level
a - Foxfire               Conj/Fire      44%        2x1d6     5%          1
b - Scorch                Fire           26%        2d6       6%          2
c - Inner Flame           Hex/Fire       7%         N/A       30%         3

Your spell library contained the following spells:

 Spells                   Type           Power      Damage    Failure   Level
 Kindle Blastsparks       Fire/Tloc/Air  10%        2d10      36%         3
 Flame Wave               Conj/Fire      11%        2d6       45%         4

Inventory:

Missiles
 f - 11 stones
Armour
 a - a +0 robe (worn)
Scrolls
 c - 5 scrolls of identify {unknown}
 d - a scroll of teleportation {unknown}
 e - a scroll of enchant armour {unknown}
 g - a scroll of amnesia {unknown}
 h - a scroll of immolation {unknown}
Potions
 b - a potion of magic

Dungeon Overview and Level Annotations

Branches:
Dungeon (2/15) Zot: 10646

Altars:
Qazlal

#........ #.....# ........#
##.....# ........# ##..._..#
........#############........
.....>..+....................
........####............###..
......†.#..'...........[....#
#.####.v..........#####
#....S@v.†........#
.##+######............#
..)...................#
......................#
...................†..#
......................#
..........###########.#
..........# #[# .#..##+####
#.#


You could see a ball python (ally target).


Message History

You open the door. You open the door.
There is an open door here.
An adder comes into view. 😎 MP[+3]
Your mp is fully restored (7).
An adder is nearby!
An adder is nearby!
Found a stone staircase leading down.
A ball python and an adder come into view.
Casting: Foxfire (safe; 4% risk of failure)
Confirm with . or Enter, or press ? or * to list all spells.
You conjure some foxfire!
The foxfire hits the adder.
The adder hisses angrily. x2 😎 MP[-1]
You lost 1 mp, and now have 6/7 mp.
Casting: Foxfire (safe; 4% risk of failure)
Confirm with . or Enter, or press ? or * to list all spells.
Flames lash the adder.
The adder's fire resistance burns away.
The adder misses you. The adder bites you. 😕 HP[-1] MP[-2]
You take 1 damage, and now have 18/19 hp.
You lost 2 mp, and now have 4/7 mp.
Unknown command.
The foxfire hits the adder!
The adder is burned terribly!
You kill the adder!
The adder bites you but does no damage.
Your Fire Magic skill increases to level 4! 😎 HP[+1]
Your hp is fully restored (19).
Casting: Scorch (safe; 5% risk of failure)
Confirm with . or Enter, or press ? or * to list all spells.
You conjure some foxfire!
The adder bites you.
You are poisoned.
The adder poisons you!
You feel sick.
The foxfire hits the adder.
The adder bites you.
You are more poisoned.
The adder poisons you! 😮 HP[-6] MP[-1]
You take 6 damage, and now have 13/19 hp.
MASSIVE DAMAGE!! (PAUSE)
You lost 1 mp, and now have 3/7 mp.
Casting: Foxfire (safe; 4% risk of failure)
Confirm with . or Enter, or press ? or * to list all spells.
Flames lash the adder.
You kill the adder!
You feel very sick.
Your Conjurations skill increases to level 3!
You feel sick.
The ball python bites you but does no damage.
The ball python closely misses you. The ball python barely misses you.
The ball python closely misses you. 😨 HP[-5] MP[-2]
You take 5 damage, and now have 8/19 hp.
MASSIVE DAMAGE!! (PAUSE)
You lost 2 mp, and now have 1/7 mp.
Casting: Scorch (safe; 5% risk of failure)
Confirm with . or Enter, or press ? or * to list all spells.
You don't have enough magic to cast this spell.
The ball python attacks as you move away!
The ball python bites you.
* * * LOW HITPOINT WARNING * * *
The ball python barely misses you.
* * * LOW HITPOINT WARNING * * *
You feel sick. 😨 HP[-2] MP[+1]
You take 2 damage, and now have 6/19 hp.
The ball python attacks as you move away!
The ball python barely misses you.
* * * LOW HITPOINT WARNING * * *
You feel sick. 😱 HP[-2]
You take 2 damage, and now have 4/19 hp.
The ball python attacks as you move away!
The ball python bites you.
* * * LOW HITPOINT WARNING * * *
x2 You feel sick.
There is an open door here.
Unknown command. 😱 HP[-2]
You take 2 damage, and now have 2/19 hp.
The ball python attacks as you move away!
The ball python closely misses you.
* * * LOW HITPOINT WARNING * * *
You feel sick. 😱 HP[-1]
You take 1 damage, and now have 1/19 hp.
It was a potion of degeneration.
There was something very wrong with that liquid.
You feel weakened.
You feel dopey.
You feel clumsy.
* * * LOW HITPOINT WARNING * * *
You feel sick.
The ball python bites you but does no damage.
The ball python misses you. The ball python barely misses you.
The ball python completely misses you.
Casting: Scorch (safe; 6% risk of failure)
Confirm with . or Enter, or press ? or * to list all spells.
You conjure some foxfire!
You die...

Skill      XL: |  1  2  3 |
---------------+----------+-----
Conjurations   | 2 3 |  3.0
Fire Magic     | 4 |  4.0
Dodging        | |  2.1
Stealth        | |  2.0
Spellcasting   | |  2.3

Action                     || total
---------------------------++-------
   Cast: Foxfire           ||    44
         Scorch            ||     2
    Use: Potion            ||     1
 Armour: Robe              ||     4
  Dodge: Dodged            ||    17

Levels and vault maps discovered:
D:1:      nzn_arrival_settlement, layout_basic, roderic_lattice_a,
          nicolae_concentric_dashed_squares_wild, nicolae_titane
D:2:      layout_basic, basic_altar, serial_shops, nicolae_shop_statue_plus,
          grunt_ministairs_4, serial_bayou_ford_a

Notes
Turn   | Place    | Note
-------+----------+-------------------------------------------
     0 | D:1      | kae the Tengu Fire Elementalist began the quest for the
                  | Orb.
     0 | D:1      | Reached XP level 1. HP: 10/10 MP: 4/4
     0 | D:1      | magus.rc [v1.11.3]
   565 | D:1      | Reached skill level 2 in Conjurations
   565 | D:1      | Reached XP level 2. HP: 9/15 MP: 1/6
  1223 | D:2      | Reached XP level 3. HP: 10/19 MP: 1/7
  1226 | D:2      | Learned a level 2 spell: Scorch
  1230 | D:2      | Learned a level 3 spell: Inner Flame
  1264 | D:2      | Found a stormy altar of Qazlal.
  1345 | D:2      | Reached skill level 4 in Fire Magic
  1348 | D:2      | Reached skill level 3 in Conjurations
  1350 | D:2      | HP: 4/19 [poisoned by an adder]
  1352 | D:2      | HP: 1/19 [poisoned by an adder]
  1354 | D:2      | Succumbed to an adder's poison

Vanquished Creatures
  2 adders (D:2)
  A dart slug (D:2)
  3 endoplasms
  A giant cockroach (D:2)
  4 goblins (D:1)
  3 hobgoblins
  2 quokkas (D:1)
  2 ball pythons (D:1)
  3 kobolds (D:1)
  2 rats (D:1)
23 creatures vanquished.

Vanquished Creatures (others)
  65 foxfires
  6 plants (D:2)
71 creatures vanquished.

Grand Total: 94 creatures vanquished

Table legend:
 A = Non-vault XP
 B = Vault XP
 C = Vault XP percentage of total XP
 D = Non-vault monster count
 E = Vault monster count
 F = Vault count percentage of total count
                 A         B        C        D         E       F
            +---------+---------+-------+---------+---------+-------
      Total |      66 |       0 |   0.0 |      23 |       0 |   0.0
            +---------+---------+-------+---------+---------+-------
        D:1 |      30 |       0 |   0.0 |      17 |       0 |   0.0
        D:2 |      36 |       0 |   0.0 |       6 |       0 |   0.0
            +---------+---------+-------+---------+---------+-------

Illustrated notes

Table legend:
 A = Kills in this place as a percentage of kills in entire the game.
 B = Kills by you in this place as a percentage of kills by you in the entire game.
 C = Kills by friends in this place as a percentage of kills by friends in the entire game.
 D = Other kills in this place as a percentage of other kills in the entire game.
 E = Experience gained in this place as a percentage of experience gained in the entire game.
 F = Experience gained in this place divided by the number of levels of this place that you have seen.
                   A       B       C       D       E      F
               +-------+-------+-------+-------+-------+----------------------
         Total | 100.0 | 100.0 |   N/A |   N/A | 100.0 |  33.0
       Dungeon | 100.0 | 100.0 |   N/A |   N/A | 100.0 |  33.0
               +-------+-------+-------+-------+-------+----------------------

Table legend: (Time is in decaauts)
 A = Elapsed time spent in this place.
 B = Non-inter-level travel time spent in this place.
 C = Inter-level travel time spent in this place.
 D = Time resting spent in this place.
 E = Time spent auto-exploring this place.
 F = Levels seen in this place.
 G = Mean time per level.
                   A        B        C        D        E       F      G
               +--------+--------+--------+--------+--------+-----+--------+
         Total |   1353 |   1312 |     41 |      0 |   1159 |   2 |  676.5 |
       Dungeon |   1353 |   1312 |     41 |      0 |   1159 |   2 |  676.5 |
               +--------+--------+--------+--------+--------+-----+--------+

Top non-repeatable levels by time:
     D:1: 1169 daAuts
     D:2: 184 daAuts
